 Dungeon Crawl Stone Soup version 0.31-a0-75-g6fe912e8c5 (webtiles) character file.

Game seed: 6955364761339092941

43605 Strat the Unseen (level 14, -6/88 HPs)
             Began as a Kobold Brigand on May 23, 2023.
             Was a High Priest of Dithmenos.
             Mangled by a torpor snail (8 damage)
             ... while petrified by a basilisk
             ... on level 5 of the Lair of Beasts.
             The game lasted 00:37:44 (19769 turns).

Strat the Unseen (Kobold Brigand)                  Turns: 19769, Time: 00:37:44

Health: -6/88      AC: 14    Str:  8    XL:     14   Next: 61%
Magic:  20/21      EV:  3    Int: 13    God:    Dithmenos [*****.]
Gold:   1091       SH:  0    Dex: 21    Spells: 10/13 levels left

rFire   . . .        b - +4 rapier (elec)
rCold   + . .        (no shield)
rNeg    + + +        Q - +0 troll leather armour
rPois   ∞            G - +2 helmet
rElec   .            P - +2 cloak
rCorr   .            g - +0 pair of gloves
SInv    .            V - +2 pair of boots
Will    +....        m - amulet of reflection Stlth ***+++++++
                     k - ring of protection from cold
HPRegen 1.14/turn    E - ring of poison resistance
MPRegen 0.17/turn

%: reflection
@: petrified, slowed, wreathed by umbra
A: small, no large weapons, nightstalker 3
a: Renounce Religion, Shadow Step, Shadow Form


You were on level 5 of the Lair of Beasts.
You worshipped Dithmenos.
Dithmenos was extremely pleased with you.
You visited 3 branches of the dungeon, and saw 19 of its levels.

You collected 1281 gold pieces.
You spent 190 gold pieces at shops.

Inventory:

Hand Weapons
 a - a +2 dagger of speed
 b - a +4 rapier of electrocution (weapon)
 y - a +1 short sword of venom
 C - the +9 sling of the Lurker {heavy, rF+ Dex+3}
   (You found it on level 6 of the Dungeon)

   Dex:       It affects your dexterity (+3).
   rF:        It protects you from fire.
Missiles
 d - 56 poisoned darts (quivered)
 e - 4 curare-tipped darts
 I - a throwing net
 J - 5 atropa-tipped darts
 N - 5 datura-tipped darts
Armour
 g - a +0 pair of gloves (worn)
 G - a +2 helmet (worn)
 P - a +2 cloak (worn)
 Q - a +0 troll leather armour (worn)
 V - a +2 pair of boots (worn)
Jewellery
 h - a +6 ring of intelligence
 k - a ring of protection from cold (left hand)
 m - an amulet of reflection (around neck)
 z - a ring of resist corrosion
 E - a ring of poison resistance (right hand)
 K - a +6 ring of strength
 M - an amulet of faith
 R - a ring of willpower
 W - a ring of protection from cold
Wands
 u - a wand of flame (41)
 w - a wand of digging (7)
 F - a wand of charming (8)
 H - a wand of polymorph (16)
 X - a wand of acid (4)
Scrolls
 o - 4 scrolls of teleportation
 q - a scroll of summoning
 t - 5 scrolls of poison
 A - 14 scrolls of identify
 B - 4 scrolls of enchant armour
 D - 2 scrolls of amnesia
 L - a scroll of blinking
 O - 2 scrolls of silence {unknown}
 S - a scroll of vulnerability
 T - a scroll of magic mapping
 U - a scroll of fog
 Y - a scroll of fear {unknown}
Potions
 c - 2 potions of ambrosia
 f - a potion of resistance
 i - 2 potions of haste
 j - 3 potions of enlightenment
 l - 8 potions of mutation
 n - 4 potions of lignification
 p - 4 potions of curing
 r - 2 potions of might
 s - 3 potions of heal wounds
 x - a potion of magic


   Skills:
 - Level 10.0 Fighting
 - Level 14.0 Short Blades
 + Level 5.8 Throwing
 - Level 10.0 Dodging
 + Level 16.3 Stealth
 - Level 10.0 Hexes
 - Level 10.0 Invocations
 + Level 5.7 Evocations


You had 10 spell levels left.
You knew the following spells:

 Your Spells              Type           Power      Damage    Failure   Level
a - Confusing Touch       Hex            26%        N/A       2%          3

Your spell library contained the following spells:

 Spells                   Type           Power      Damage    Failure   Level
 Slow                     Hex            100%       N/A       1%          1
 Summon Guardian Golem    Hex/Summ       13%        N/A       17%         3
 Foxfire                  Conj/Fire      0%         2x1d4     41%         1
 Kiss of Death            Conj/Necr      0%         2d5       41%         1
 Magic Dart               Conj           0%         1d3       41%         1
 Sandblast                Erth           0%         2d4       41%         1
 Shock                    Conj/Air       0%         1d3       41%         1
 Summon Small Mammal      Summ           0%         N/A       41%         1
 Call Imp                 Summ           0%         N/A       56%         2
 Passwall                 Tmut/Erth      0%         N/A       56%         2
 Sublimation of Blood     Necr           0%         N/A       56%         2
 Call Canine Familiar     Summ           0%         N/A       80%         3
 Frozen Ramparts          Ice            0%         1d1       80%         3
 Mephitic Cloud           Conj/Pois/Air  0%         N/A       80%         3
 Stone Arrow              Conj/Erth      0%         3d7       80%         3
 Swiftness                Air            0%         N/A       80%         3
 Vampiric Draining        Necr           0%         2d6       80%         3
 Airstrike                Air            0%         2d(0-16)  99%         4
 Dispel Undead            Necr           0%         3d6       99%         4
 Ice Form                 Ice/Tmut       0%         N/A       99%         4
 Petrify                  Tmut/Erth      0%         N/A       99%         4
 Summon Ice Beast         Ice/Summ       0%         N/A       99%         4
 Irradiate                Conj/Tmut      0%         3d11      100%        5
 Spellforged Servitor     Conj/Summ      0%         N/A       100%        7


Dungeon Overview and Level Annotations

Branches:
Dungeon (13/15)            Temple (1/1) D:5            Lair (5/5) D:9
 Shoals (0/4) Lair:2        Snake (0/4) Lair:2        Slime (0/5) Lair:4
    Orc (0/2) D:11
 Vaults: D:13-14

Altars:
Ashenzari
Cheibriados
Dithmenos
Elyvilon
Fedhas
Gozag
Hepliaklqana
Kikubaaqudgha
Makhleb
Nemelex Xobeh
Okawaru
Qazlal
Ru
Sif Muna
Trog
Uskayaw
Vehumet
Wu Jian
Xom
Yredelemnul
Zin
The Shining One

Shops:
D:1 :   D:3 (   D:5 !   D:9 :   D:11 (

Annotations:
D:3 Natasha
D:5 1 runed translucent door
D:13 3 runed translucent doors, domi's ghost, journeyman DjHW
Lair:1 2 transporters, mandoloar's ghost, journeyman GnSu
Lair:2 2 transporters


Innate Abilities, Weirdness & Mutations

You are small and have problems with some larger weapons.
You are completely attuned to the shadows.


Message History

The catoblepas is lightly wounded.
Your shadow hits the catoblepas but does no damage.
The catoblepas gores you.
You have turned to stone.
The catoblepas gores you but does no damage.
The catoblepas gores you!!
The catoblepas breathes a plume of calcifying dust at you.
The blast of calcifying dust hits you. The basilisk bites you!
You are engulfed in calcifying dust.
The torpor snail bites you. The catoblepas gores you!!
* * * LOW HITPOINT WARNING * * *
The basilisk bites you.
* * * LOW HITPOINT WARNING * * *
You hear a bellow!
You are engulfed in calcifying dust.
A yak comes into view.
The catoblepas gores you!!
* * * LOW HITPOINT WARNING * * *
The basilisk gazes at you.
You easily resist.
The torpor snail bites you!
* * * LOW HITPOINT WARNING * * *
You are engulfed in calcifying dust.
The basilisk barely misses you. The catoblepas gores you.
* * * LOW HITPOINT WARNING * * *
You are engulfed in calcifying dust.
The torpor snail barely misses you. The catoblepas gores you!
* * * LOW HITPOINT WARNING * * *
The basilisk bites you but does no damage.
You are engulfed in calcifying dust.
The catoblepas gores you!!
* * * LOW HITPOINT WARNING * * *
The basilisk bites you.
* * * LOW HITPOINT WARNING * * *
The torpor snail bites you!
* * * LOW HITPOINT WARNING * * *
The catoblepas gores you!!
* * * LOW HITPOINT WARNING * * *
The basilisk gazes at you.
You easily resist.
Your hands stop glowing.
The torpor snail bites you!
You die...

##..#... ........##
........P# .....w...P
#..@lY..........
###...Y..8.........
##.##..8.....8.....#
#.........8........###
##..................P##
#..§..8.8...8.8........
####...........†.......
##.....8............
###...8.†...8.........


You could see a catoblepas, a torpor snail, a yak and a basilisk.

Vanquished Creatures
  A hydra (Lair:5)
  2 boulder beetles
  2 centaur warriors (D:13)
  9 two-headed ogres
  A tengu warrior (D:12)
  A skyshark (Lair:5)
  A deep elf pyromancer (D:12)
  A wolf spider (D:12)
  3 manticores
  4 ugly things
  4 cyclopes
  10 elephants
  A merfolk siren (Lair:2)
  4 black mambas
  8 cane toads
  2 gargoyles
  A rime drake (Lair:5)
  A rime drake (shapeshifter) (D:13)
  A kobold demonologist (D:10)
  2 komodo dragons
  3 trolls
  A polar bear (Lair:3)
  A meliai (D:13)
  Grinder (D:3)
  10 blink frogs
  4 slime creatures (D:13)
  A shadow (D:11)
  4 wyverns
  2 wraiths (D:12)
  9 basilisks
  A vampire (D:13)
  40 yaks
  10 vampire mosquitoes
  A steam dragon (Lair:2)
  4 nagas (Lair:2)
  4 acid dragons
  11 water moccasins
  2 orc warriors
  An ice beast (D:5)
  4 black bears
  2 ogres (D:6)
  4 wolves (Lair:4)
  10 centaurs
  2 phantoms (D:5)
  4 kobold brigands
  A gnoll sergeant (D:5)
  4 bullfrogs
  3 scorpions
  5 wights (D:9)
  9 killer bees
  An electric eel (Lair:4)
  4 howler monkeys
  A hound (D:5)
  An iguana (D:6)
  3 jellies
  8 orc priests
  Jessica (D:3)
  Ijyb (D:3)
  6 hell rats (Lair:5)
  Natasha (D:3)
  9 orc wizards
  Robin (D:3)
  21 gnolls
  10 adders
  A shadow imp (D:7)
  An ufetubus (D:6)
  3 worms
  3 dart slugs
  29 orcs
  4 bats (D:1)
  9 endoplasms
  3 giant cockroaches
  15 goblins
  7 hobgoblins
  2 jackals (D:3)
  23 kobolds
  3 quokkas
  10 ball pythons
  2 frilled lizards
  A jackal skeleton (D:5)
  8 rats
409 creatures vanquished.

Notes
Turn   | Place    | Note
-------+----------+-------------------------------------------
     0 | D:1      | Strat the Kobold Brigand began the quest for the Orb.
     0 | D:1      | Reached XP level 1. HP: 12/12 MP: 1/1
   114 | D:1      | Reached XP level 2. HP: 17/17 MP: 2/2
   119 | D:1      | Found Amirphuv's Vocational Training.
   334 | D:1      | Reached XP level 3. HP: 22/22 MP: 3/3
   518 | D:1      | Reached skill level 6 in Stealth
   714 | D:2      | Reached XP level 4. HP: 27/27 MP: 4/4
  1385 | D:3      | Noticed Robin
  1401 | D:3      | Reached XP level 5. HP: 31/31 MP: 5/5
  1412 | D:3      | Killed Robin
  1730 | D:3      | Found Ipluiruj's Weapon Shop.
  1733 | D:3      | Noticed Natasha
  1743 | D:3      | Killed Natasha
  1895 | D:3      | Noticed Ijyb
  1899 | D:3      | Killed Ijyb
  2002 | D:3      | Reached skill level 7 in Stealth
  2172 | D:3      | Noticed Jessica
  2172 | D:3      | Noticed Grinder
  2185 | D:3      | Killed Jessica
  2186 | D:3      | Reached skill level 5 in Short Blades
  2186 | D:3      | Reached XP level 6. HP: 28/37 MP: 6/6
  2192 | D:3      | Paralysed by Grinder for 3 turns
  2381 | D:3      | Noticed Natasha
  2420 | D:3      | Paralysed by Grinder for 2 turns
  2436 | D:3      | Paralysed by Grinder for 4 turns
  2455 | D:3      | Killed Grinder
  2456 | D:3      | Reached XP level 7. HP: 13/41 MP: 7/7
  2640 | D:4      | Reached skill level 8 in Stealth
  2753 | D:4      | Got the Precepts of Hurting and Ashes
  3509 | D:5      | Entered Level 5 of the Dungeon
  3922 | D:5      | Reached XP level 8. HP: 45/48 MP: 8/8
  4209 | D:5      | Found Hesoakia's Distillery.
  4215 | D:5      | Bought a potion of haste for 100 gold pieces
  4215 | D:5      | Bought a potion of enlightenment for 50 gold pieces
  4215 | D:5      | Bought a potion of might for 40 gold pieces
  4258 | D:5      | Reached skill level 9 in Stealth
  4382 | D:5      | Noticed a human
  4383 | D:5      | Found a runed translucent door.
  4391 | D:5      | Found a basalt altar of Yredelemnul.
  4773 | D:5      | Found a staircase to the Ecumenical Temple.
  4876 | Temple   | Entered the Ecumenical Temple
  5157 | Temple   | Became a worshipper of Dithmenos the Shadowed
  5342 | D:6      | Found a hazy altar of Hepliaklqana.
  5356 | D:6      | Identified the +9 sling of the Lurker {heavy, rF+ Dex+3}
  5602 | D:6      | Found a sparkling altar of Nemelex Xobeh.
  5849 | D:6      | Found a burning altar of Makhleb.
  6235 | D:6      | Reached skill level 10 in Stealth
  6361 | D:7      | Reached skill level 5 in Fighting
  6361 | D:7      | Reached skill level 5 in Dodging
  6361 | D:7      | Reached XP level 9. HP: 54/54 MP: 9/9
  6937 | D:7      | Reached * piety under Dithmenos
  6960 | D:7      | Identified the +8 flail of Terra Nullius {heavy, rF+ rC-
                  | Will+ Dex+2}
  7094 | D:7      | Found a hide-covered altar of Uskayaw.
  7417 | D:8      | Reached skill level 10 in Short Blades
  7828 | D:8      | Noticed a cyclops
  7832 | D:8      | Killed a cyclops
  7950 | D:8      | Reached XP level 10. HP: 62/63 MP: 10/10
  8121 | D:8      | Found a glowing golden altar of the Shining One.
  8121 | D:8      | Found a bloodstained altar of Trog.
  8121 | D:8      | Found a radiant altar of Vehumet.
  8688 | D:9      | Reached ** piety under Dithmenos
  8766 | D:9      | Found Foaniott's Book Emporium.
  8775 | D:9      | Learned a level 3 spell: Confusing Touch
  8832 | D:9      | Noticed an elephant
  8833 | D:9      | Found a staircase to the Lair.
  9323 | D:9      | Found an opulent altar of Gozag.
  9364 | D:9      | Identified the +4 scale mail of the Engineer {rPois Str+2
                  | Int-4}
  9455 | D:10     | Entered Level 10 of the Dungeon
  9969 | D:10     | Reached skill level 10 in Dodging
 10121 | D:10     | Reached skill level 10 in Fighting
 10141 | D:10     | Reached skill level 1 in Hexes
 10141 | D:10     | Reached XP level 11. HP: 72/72 MP: 11/11
 10393 | D:10     | Noticed a two-headed ogre
 10397 | D:10     | Killed a two-headed ogre
 10864 | D:11     | Noticed a two-headed ogre
 10867 | D:11     | Killed a two-headed ogre
 10867 | D:11     | Reached *** piety under Dithmenos
 10868 | D:11     | Reached skill level 11 in Stealth
 10884 | D:11     | Found a staircase to the Orcish Mines.
 10968 | D:11     | Found Zuigar's Weapon Boutique.
 11115 | D:11     | Noticed a two-headed ogre
 11119 | D:11     | Killed a two-headed ogre
 11191 | D:11     | Noticed a cyclops
 11219 | D:11     | Killed a cyclops
 11358 | D:11     | Noticed a cyan ugly thing
 11362 | D:11     | Killed a cyan ugly thing
 11584 | D:12     | Identified the +12 hand axe "Feqo" {spect, rN+}
 11684 | D:12     | Noticed a manticore
 11688 | D:12     | Killed a manticore
 11689 | D:12     | Reached skill level 12 in Stealth
 11742 | D:12     | Noticed a two-headed ogre
 11745 | D:12     | Killed a two-headed ogre
 11746 | D:12     | Reached XP level 12. HP: 77/77 MP: 12/12
 11875 | D:12     | Noticed a two-headed ogre
 11923 | D:12     | Reached skill level 5 in Hexes
 11977 | D:12     | Noticed a boulder beetle
 12019 | D:12     | Killed a boulder beetle
 12253 | D:12     | Noticed a two-headed ogre
 12257 | D:12     | Killed a two-headed ogre
 12258 | D:12     | Reached skill level 13 in Stealth
 12293 | D:12     | Noticed a two-headed ogre
 12305 | D:12     | Killed a two-headed ogre
 12663 | D:12     | Killed a two-headed ogre
 12684 | D:12     | Noticed a two-headed ogre
 12690 | D:12     | Noticed a tengu warrior
 12714 | D:12     | Killed a tengu warrior
 12753 | D:12     | Reached skill level 14 in Stealth
 12755 | D:12     | Reached **** piety under Dithmenos
 12912 | D:12     | Killed a two-headed ogre
 13229 | D:13     | Noticed a centaur warrior
 13243 | D:13     | Killed a centaur warrior
 13244 | D:13     | Reached XP level 13. HP: 51/82 MP: 13/13
 13294 | D:13     | Reached skill level 15 in Stealth
 13294 | D:13     | Reached skill level 1 in Invocations
 13732 | D:13     | Noticed a centaur warrior
 13737 | D:13     | Killed a centaur warrior
 13843 | D:13     | Found a runed translucent gate.
 13844 | D:13     | Found a runed translucent gate.
 14363 | D:13     | Reached skill level 5 in Invocations
 14552 | D:13     | Noticed an acid blob
 14553 | D:13     | Found a runed translucent gate.
 14553 | D:13     | Noticed domi's ghost (journeyman DjHW)
 14553 | D:13     | Noticed an acid blob
 14553 | D:13     | Noticed an azure jelly
 14553 | D:13     | Noticed an acid blob
 14554 | D:13     | Noticed an acid blob
 14674 | D:13     | Noticed a quicksilver ooze
 14789 | Lair:1   | Entered Level 1 of the Lair of Beasts
 14873 | Lair:1   | Reached skill level 10 in Hexes
 15448 | Lair:1   | Noticed a seven-headed hydra
 15452 | Lair:1   | Found a transporter.
 15484 | Lair:1   | Found a transporter.
 15487 | Lair:1   | Noticed mandoloar's ghost (journeyman GnSu)
 15749 | Lair:2   | Found a staircase to the Snake Pit.
 15957 | Lair:2   | Found a transporter.
 16047 | Lair:2   | Noticed a six-headed hydra
 16050 | Lair:2   | Found a transporter.
 16211 | Lair:2   | Noticed a six-headed hydra
 16423 | Lair:2   | Found a staircase to the Shoals.
 16713 | Lair:3   | Reached ***** piety under Dithmenos
 17007 | Lair:3   | Reached XP level 14. HP: 88/88 MP: 12/21
 17311 | Lair:3   | Reached skill level 10 in Invocations
 18072 | Lair:4   | Reached skill level 1 in Evocations
 18072 | Lair:4   | Found a staircase to the Slime Pits.
 18552 | Lair:5   | Entered Level 5 of the Lair of Beasts
 19313 | Lair:5   | Reached skill level 5 in Throwing
 19316 | Lair:5   | Reached skill level 16 in Stealth
 19360 | Lair:5   | Reached skill level 5 in Evocations
 19768 | Lair:5   | HP: 1/88 [catoblepas (10)]
 19769 | Lair:5   | Mangled by a torpor snail

Illustrated notes

Levels and vault maps discovered:
D:1:      lightli_arrival_noodles, layout_basic, nicolae_shop_vocational
D:2:      layout_loops_ring
D:3:      layout_loops_ring, serial_shops, nicolae_shop_advertising_works
          [nicolae_subvault_shop_adworks], uniq_jessica, uniq_grinder,
          uniq_natasha, uniq_ijyb, uniq_robin
D:4:      layout_basic
D:5:      layout_basic, dk_yredelemnul_ordeal, minmay_temple_entry_fiery,
          serial_shops, nicolae_shop_just_a_little_nook
D:6:      layout_gridville, nemelex_spade_bored_becter,
          mainiacjoe_overflow_large_starburst, grunt_decor_resistance,
          minmay_crystal_water
D:7:      layout_cave_pools, nicolae_uskayaw_dance_studio, enter_bailey_7,
          minivault_10, david_defended_altar_orc
D:8:      layout_basic, gammafunk_temple_overflow_forgotten, dk_rats_in_the_wall
D:9:      layout_basic, nicolae_overflow_hidden_temple, david_lair_generic,
          serial_shops, shop
D:10:     layout_basic
D:11:     layout_loops_ring, orc_david_3
D:12:     layout_irregular_city, portal_ice_cave_entry_pillars_2,
          minmay_joined_circles
D:13:     layout_stronghold, gammafunk_ghost_ooze, eino_curves_01
Temple:   dshaligram_water_room_temple
Lair:1:   layout_chaotic_city, gammafunk_ghost_arena
Lair:2:   layout_roguey, minmay_shoals_entry_lonely_mermaid,
          minmay_snake_entry_guardpost_small, nzn_ghost_randoct, serial_forest,
          infiniplex_forest_straight_2, infiniplex_forest_clump_double,
          infiniplex_forest_clump_tiny, infiniplex_forest_lined_room_3,
          infiniplex_forest_clump_diagonal, infiniplex_forest_clump_cross,
          infiniplex_forest_clump_medium, infiniplex_forest_lined_2,
          infiniplex_forest_end_2, small_statue_intersection
Lair:3:   layout_gridlike, minivault_27, grunt_megastairs_4
Lair:4:   layout_cave_pods, nicolae_slime_entry_slimehenge,
          nicolae_quartered_pool_medium
Lair:5:   evilmike_catoblepas_cave, layout_cellular_growth,
          kennysheep_basilisk_garden, grunt_megastairs_1

Skill      XL: |  1  2  3  4  5  6  7  8  9 10 11 12 13 14 |
---------------+-------------------------------------------+-----
Short Blades   | 3 4 5 6 8 10 13 14 | 14.0
Stealth        | 6 7 8 10 12 14 15 16 | 16.3
Dodging        | 2 3 4 5 7 10 | 10.0
Fighting       | 3 4 5 7 10 | 10.0
Hexes          | 1 4 8 10 | 10.0
Invocations    | 9 10 | 10.0
Evocations     | 5 |  5.7
Throwing       | 5 |  5.8

Action                     |  1- 3 |  4- 6 |  7- 9 | 10-12 | 13-15 || total
---------------------------+-------+-------+-------+-------+-------++-------
  Melee: Dagger            |    75 |    80 |    18 |    30 |   110 ||   313
         Punch             |     1 |     3 |     7 |    14 |    11 ||    36
         Short sword       |       |    35 |   295 |   225 |       ||   555
         Rapier            |       |       |    70 |   342 |   579 ||   991
  Throw: Dart              |       |     3 |       |       |       ||     3
   Cast: Confusing Touch   |       |       |       |     1 |    58 ||    59
  Evoke: Wand              |       |       |       |       |     3 ||     3
    Use: Potion            |       |     2 |     3 |     2 |     3 ||    10
         Scroll            |       |       |    10 |    13 |     1 ||    24
   Stab: Sleeping          |    20 |    12 |    21 |    25 |    41 ||   119
         Distracted        |       |     2 |     1 |     5 |     4 ||    12
         Confused          |       |       |       |     1 |    50 ||    51
 Armour: Robe              |    12 |    20 |       |       |       ||    32
         Ring mail         |       |     7 |    78 |    38 |       ||   123
         Troll leather arm |       |       |       |    47 |   100 ||   147
  Dodge: Dodged            |    37 |    54 |   178 |   391 |   505 ||  1165
  Block: Other             |       |     8 |    54 |   103 |   100 ||   265
         Reflection        |       |     2 |     1 |     1 |       ||     4

Table legend: (Time is in decaauts)
 A = Elapsed time spent in this place.
 B = Non-inter-level travel time spent in this place.
 C = Inter-level travel time spent in this place.
 D = Time resting spent in this place.
 E = Time spent auto-exploring this place.
 F = Levels seen in this place.
 G = Mean time per level.
                   A        B        C        D        E       F      G
               +--------+--------+--------+--------+--------+-----+--------+
         Total |  18891 |  18048 |    843 |   1807 |  12553 |  19 |  994.3 |
       Dungeon |  13924 |  13200 |    724 |   1498 |   8975 |  13 | 1071.1 |
        Temple |    290 |    260 |     30 |      0 |    238 |   1 |  290.0 |
          Lair |   4677 |   4590 |     87 |    309 |   3340 |   5 |  935.4 |
               +--------+--------+--------+--------+--------+-----+--------+

Top non-repeatable levels by time:
    D:12: 1582 daAuts
    D:13: 1485 daAuts
     D:5: 1444 daAuts
     D:3: 1243 daAuts
     D:8: 1142 daAuts
    D:10: 1125 daAuts
     D:6: 1050 daAuts
  Lair:3: 1029 daAuts
  Lair:5: 954 daAuts
  Lair:2: 948 daAuts
     D:4: 928 daAuts
     D:9: 911 daAuts
     D:7: 894 daAuts
  Lair:4: 891 daAuts
  Lair:1: 854 daAuts
